 Dungeon Crawl Stone Soup version 0.22.1-2-g9c5b331383 (webtiles) character file.

154 Jynx the Shield-Bearer (level 5, -1/33 HPs)
             Began as a Gargoyle Fighter on Dec 31, 2018.
             Slain by an orc
             ... wielding a +0 war axe
              (3 damage)
             ... on level 3 of the Dungeon.
             The game lasted 00:03:42 (1796 turns).

Jynx the Shield-Bearer (Gargoyle Fighter)           Turns: 1796, Time: 00:03:42

Health: -1/33      AC: 15    Str: 25    XL:     5   Next: 35%
Magic:  5/5        EV:  6    Int:  8    God:
Gold:   135        SH: 10    Dex: 10    Spells: 4/4 levels left

rFire    . . .     SeeInvis .   a - +1 flail
rCold    . . .     Gourm    .   c - +0 shield
rNeg     + + .     Faith    .   m - +0 chain mail
rPois    ∞         Spirit   .   h - +2 hat
rElec    +         Reflect  .   (no cloak)
rCorr    .         Harm     .   (no gloves)
MR       .....                  (no boots)
Stlth    ..........             (no amulet)
HPRegen  0.11/turn              l - ring of positive energy
MPRegen  0.09/turn              (no ring)

@: mighty
A: negative energy resistance 1, electricity resistance, unbreathing,
petrification resistance, rot immunity, AC +4
a: no special abilities


You were on level 3 of the Dungeon.
You were not hungry.

You visited 1 branch of the dungeon, and saw 3 of its levels.

You collected 135 gold pieces.

Inventory:

Hand Weapons
 a - a +1 flail (weapon)
Armour
 c - a +0 shield (worn)
 h - a +2 hat (worn)
 m - a +0 chain mail (worn)
Jewellery
 l - a ring of positive energy (left hand)
 n - an uncursed ring of protection from cold {unknown}
 p - a +3 ring of evasion {unknown}
Scrolls
 e - a scroll of fog {unknown}
Potions
 d - a potion of might
 g - a potion of flight {unknown}
 k - a potion of curing {unknown}
Comestibles
 b - 6 chunks of flesh
 f - 4 rations


   Skills:
 + Level 4.0 Fighting
 + Level 3.4 Maces & Flails
 + Level 3.8 Armour
 + Level 0.9 Dodging
 + Level 0.4 Stealth
 + Level 4.2 Shields


You had 4 spell levels left.
You didn't know any spells.
Your spell library was empty.

Dungeon Overview and Level Annotations

Branches:
Dungeon (3/15)

Altars:


Innate Abilities, Weirdness & Mutations

You are resistant to torment.
Your stone body is resilient. (AC +4)
You are immune to poison.
You resist negative energy. (rN+)
You are resistant to electric shocks. (rElec)
You can survive without breathing.
You are immune to petrification.
You are immune to rotting.


Message History

Things that are here:
a hand axe; an orc corpse Your shield and chain mail prevent you from hitting the orc priest.
You block the orc's attack.
The orc priest invokes the aid of Beogh against you.
Beogh smites you!
* * * LOW HITPOINT WARNING * * *
The orc barely misses you.
You feel very mighty all of a sudden. You block the orc priest's attack.
You sock the orc priest!
The orc priest is almost dead.
The orc hits you but does no damage.
The orc priest hits you but does no damage.
You block the orc priest's attack. You block the orc's attack.
You sock the orc priest!
You kill the orc priest!
The orc hits you but does no damage.
You barely miss the orc. The orc hits you with a war axe.
You die...

....#.........##...#.....
#.............######.....
.#.###.####### ##....
#.#.#.##### #....
#.........# #...<
#..<......# ....
.##........## ...
......).....#
#.##########@....#
##....)......o....#
......)?)..)......#
....[...).........#
..................#
..................#
.......#......#.###
.......#......#.#
.......#......#.#


You could see an orc.

Vanquished Creatures
  An orc priest (D:3)
  An orc wizard (D:3)
  Jessica (D:3)
  2 adders (D:2)
  An ooze (D:2)
  A worm (D:2)
  2 leopard geckos
  6 orcs (D:3)
  A ball python (D:2)
  6 bats
  3 goblins
  3 hobgoblins
  A quokka (D:2)
  4 frilled lizards
  2 kobolds
  3 rats
38 creatures vanquished.

Notes
Turn   | Place    | Note
-------+----------+-------------------------------------------
     0 | D:1      | Jynx the Gargoyle Fighter began the quest for the Orb.
     0 | D:1      | Reached XP level 1. HP: 14/14 MP: 1/1
   371 | D:1      | Reached XP level 2. HP: 19/19 MP: 2/2
  1115 | D:2      | Reached XP level 3. HP: 24/24 MP: 3/3
  1652 | D:3      | Noticed Jessica
  1658 | D:3      | Killed Jessica
  1658 | D:3      | Reached XP level 4. HP: 29/29 MP: 4/4
  1716 | D:3      | Reached XP level 5. HP: 7/33 MP: 5/5
  1796 | D:3      | Slain by an orc

Skill      XL: |  1  2  3  4 |
---------------+-------------+-----
Shields        | 4 |  4.2
Fighting       | 4 |  4.0
Maces & Flails | 3 |  3.4
Armour         | |  3.8
Dodging        | |  0.9
Stealth        | |  0.4

Action                   |  1- 3 |  4- 6 || total
-------------------------+-------+-------++-------
Melee: Flail             |   144 |    45 ||   189
  Use: Scroll            |     8 |       ||     8
       Potion            |       |     1 ||     1
  Eat: Chunk             |     3 |       ||     3
Armor: Scale mail        |    38 |       ||    38
       Chain mail        |    62 |    47 ||   109
Dodge: Dodged            |    41 |    10 ||    51
Block: Shield            |   104 |    36 ||   140
